 Dungeon Crawl Stone Soup version 0.31-a0-361-g0f8bd3a31e (webtiles) character file.

Game seed: 14180459106256701010

5108 Ajdolov the Basher (level 10, -9/74 (96) HPs)
             Began as an Armataur Fighter on July 26, 2023.
             Was an Initiate of Ru.
             Mangled by a wight
             ... wielding a +1 great sword of electrocution
              (19 damage)
             ... on level 7 of the Dungeon on July 27, 2023.
             The game lasted 00:21:28 (8834 turns).

Ajdolov the Basher (Armataur Fighter)               Turns: 8834, Time: 00:21:28

HP:   -9/74 (96)    AC: 18    Str: 25    XL:     10   Next: 32%
MP:   19/19         EV:  3    Int:  9    God:    Ru [......]
Gold: 410           SH:  0    Dex: 10    Spells: 9/9 levels left

rFire   . . .        J - +0 dire flail
rCold   . . .        (shield currently unavailable)
rNeg    . . .        i - +0 plate armour
rPois   .            B - +0 helmet
rElec   .            r - +0 cloak
rCorr   .            u - +1 pair of gloves
SInv    .            f - +0 barding
Will    +....        (no amulet) Stlth
                     g - ring of magical power
HPRegen 0.32/turn    m - ring of willpower
MPRegen 0.16/turn

%: roll
@: heavily drained
A: large, rugged brown scales 3, deformed body, armoured tail, roll, long
tongue, awkward tongue
a: Renounce Religion


You were on level 7 of the Dungeon.
You worshipped Ru.
Ru was noncommittal.
You visited 2 branches of the dungeon, and saw 9 of its levels.
You also visited: Sewer.

You collected 455 gold pieces.
You spent 45 gold pieces at shops.

Inventory:

Hand Weapons
 J - a +0 dire flail (weapon)
 M - a +4 flail of protection
Missiles
 A - 2 throwing nets
 C - 3 curare-tipped darts
Armour
 c - a +0 buckler
 f - a +0 barding (worn)
 i - a +0 plate armour (worn)
 r - a +0 cloak (worn)
 u - a +1 pair of gloves (worn)
 B - a +0 helmet (worn)
 N - a +0 kite shield
Jewellery
 g - a ring of magical power (left hand)
 m - a ring of willpower (right hand)
Wands
 a - a wand of flame (20)
 I - a wand of mindburst (15)
 L - a wand of charming (10)
Scrolls
 e - 4 scrolls of fear {unknown}
 k - a scroll of amnesia {unknown}
 n - a scroll of torment {unknown}
 o - a scroll of enchant armour {unknown}
 p - 4 scrolls of teleportation {unknown}
 q - a scroll of silence {unknown}
 t - 6 scrolls of identify {unknown}
 v - 2 scrolls of revelation {unknown}
 w - 4 scrolls of enchant weapon {unknown}
 y - a scroll of butterflies {unknown}
 E - a scroll of vulnerability {unknown}
 F - 2 scrolls of immolation {unknown}
 K - a scroll of poison {unknown}
Potions
 b - 5 potions of curing {unknown}
 d - 2 potions of might
 h - 3 potions of cancellation {unknown}
 j - 2 potions of magic {unknown}
 l - 4 potions of degeneration {unknown}
 s - 4 potions of mutation {unknown}
 x - 2 potions of haste {unknown}
 z - 2 potions of brilliance {unknown}
 D - a potion of attraction {unknown}
 G - a potion of heal wounds {unknown}
 H - a potion of resistance {unknown}


   Skills:
 + Level 8.7 Fighting
 * Level 11.5 Maces & Flails
 - Level 3.7 Armour
 - Level 3.3 Shields


You had 9 spell levels left.
You didn't know any spells.
Your spell library contained the following spells:

 Spells                   Type           Power      Damage    Failure   Level
 Ozocubu's Armour         Ice            0%         N/A       100%        3
 Vhi's Electric Charge    Tloc/Air       0%         N/A       100%        3
 Animate Armour           Summ/Erth      0%         N/A       100%        4
 Summon Lightning Spire   Summ/Air       0%         N/A       100%        4
 Arcjolt                  Conj/Air       0%         1d10      100%        5
 Lee's Rapid Deconstruct  Erth           0%         3d4*      100%        5
 Plasma Beam              Fire/Air       0%         2x1d10    100%        6
 Ozocubu's Refrigeration  Ice            0%         4d7       100%        7


Dungeon Overview and Level Annotations

Branches:
Dungeon (8/15)             Temple (1/1) D:7           Sewer (visited)
   Lair: D:8-11

Altars:
Ashenzari
Cheibriados
Dithmenos
Elyvilon
Fedhas
Gozag
Hepliaklqana
Kikubaaqudgha
Makhleb
Nemelex Xobeh
Okawaru
Qazlal
Ru
Sif Muna
Trog
Uskayaw
Vehumet
Wu Jian
Xom
Yredelemnul
Zin
The Shining One

Shops:
D:4 [   D:5 (

Annotations:
D:8 Psyche


Innate Abilities, Weirdness & Mutations

You are completely covered in rugged brown scales. (AC +3, +7% HP)
Armour fits poorly on your strangely shaped body.
You have a long armoured tail.
You roll when moving toward enemies. (Rampage)
Your long tongue fully drains potion bottles. (2x potion effects)
Your tongue gives you trouble enunciating. (1.5x scroll delay)


Message History

You now have 410 gold pieces (gained 32).
Things that are here:
a +0 dagger; a kobold corpse A wight is nearby!
Okay, then.
A wight is nearby!
There is a stone staircase leading up here.
The wight hits you with a +1 great sword of electrocution!
You feel drained.
You climb upwards.
There is a stone staircase leading down here.
You barely miss the wight.
The wight hits you with a +1 great sword of electrocution.
You barely miss the wight. You tail-slap the wight.
The wight is moderately damaged.
The wight hits you but does no damage.
You hit the wight but do no damage.
The wight is moderately damaged.
You hit the wight.
Your tail-slap misses the wight.
The wight is severely damaged.
The wight hits you but does no damage.
You are electrocuted!!
You hit the wight but do no damage.
The wight is severely damaged.
The wight hits you but does no damage.
You hit the wight but do no damage.
The wight is severely damaged.
You closely miss the wight.
The wight is severely damaged.
The wight hits you with a +1 great sword of electrocution!
You are electrocuted!!
* * * LOW HITPOINT WARNING * * *
You hit the wight but do no damage.
The wight is severely damaged.
The wight barely misses you.
You barely miss the wight.
The wight is severely damaged.
The wight hits you with a +1 great sword of electrocution!
* * * LOW HITPOINT WARNING * * *
You are electrocuted!!
You die...

# #.##.#.............# #
#.##.#.............# #
#.##.#.#'#.........#
######.##.#.#.#.........#########
..........#.#.#.######...........
########.##.....# ####'######. #
#.##.....# #.....# #.
########..#.....#######.⌠.⌠.####.
................@.##..'..>..'..#.
....^...#.#.#..z..##.##.⌠.⌠.##...
##.^^.....#.#.........#.....####.
#...^..............######'#### #.
............#......)...##.##.# #.
^..^^....^..#[[.[#.##..##....# #.
..^^.......^..#..).#...#####.# #.
..^^..........##.###########.###.
^.^..........)[...............#..


You could see a wight.

Vanquished Creatures
  Pikel (D:7)
  Maggie (D:8)
  A hornet (D:7)
  Grinder (D:5)
  A wraith (D:8)
  A basilisk (D:7)
  A water moccasin (D:7)
  2 sky beasts
  3 orc warriors
  A black bear (D:7)
  2 ice beasts (D:6)
  4 ogres
  2 wolves (D:8)
  A centaur (D:8)
  2 phantoms (D:4)
  A kobold brigand (D:8)
  5 bullfrogs
  5 scorpions
  A gnoll sergeant (D:8)
  2 wights (D:8)
  3 killer bees (D:8)
  A jelly (D:4)
  An orc priest (D:7)
  A gnoll bouda (D:7)
  3 hounds
  2 sleepcaps
  5 iguanas
  6 orc wizards
  11 gnolls
  11 adders
  8 river rats
  A shadow imp (D:7)
  4 white imps
  An ufetubus (D:4)
  2 worms
  A dart slug (D:2)
  26 orcs
  7 bats
  5 endoplasms
  4 giant cockroaches
  4 hobgoblins
  9 jackals
  14 kobolds
  3 quokkas
  14 ball pythons
  5 frilled lizards
  3 goblins
  21 rats
214 creatures vanquished.

Vanquished Creatures (collateral kills)
  Grum (D:8)
  A killer bee (D:8)
2 creatures vanquished.

Vanquished Creatures (others)
  2 killer bees (D:8)
2 creatures vanquished.

Grand Total: 218 creatures vanquished

Notes
Turn   | Place    | Note
-------+----------+-------------------------------------------
     0 | D:1      | Ajdolov the Armataur Fighter began the quest for the Orb.
     0 | D:1      | Reached XP level 1. HP: 19/19 MP: 1/1
    57 | D:1      | Reached skill level 2 in Maces & Flails
    68 | D:1      | Reached XP level 2. HP: 26/26 MP: 2/2
   177 | D:1      | Found a faded altar of an unknown god.
   542 | D:1      | Reached XP level 3. HP: 33/33 MP: 3/3
   853 | D:2      | Reached skill level 3 in Maces & Flails
  1213 | D:2      | Reached XP level 4. HP: 40/40 MP: 4/4
  2055 | D:4      | Found Juobip's Armour Shop.
  2063 | D:4      | Bought a +0 cloak for 45 gold pieces
  2259 | D:4      | Noticed a phantom
  2278 | D:4      | Killed a phantom
  2279 | D:4      | Reached skill level 4 in Maces & Flails
  2279 | D:4      | Reached XP level 5. HP: 49/49 MP: 5/5
  2312 | D:4      | Noticed an ogre
  2323 | D:4      | Killed an ogre
  2324 | D:4      | Reached XP level 6. HP: 37/55 MP: 6/6
  2388 | D:4      | Found an ancient bone altar of Kikubaaqudgha.
  2389 | D:4      | Found a stormy altar of Qazlal.
  2397 | D:4      | Found a snail-covered altar of Cheibriados.
  2398 | D:4      | You fall into a shaft and drop 3 floors!
  2513 | D:7      | Reached skill level 5 in Maces & Flails
  2968 | D:6      | Noticed an ice beast
  2973 | D:6      | Killed an ice beast
  2974 | D:6      | Reached XP level 7. HP: 64/64 MP: 7/7
  3036 | D:6      | Found a glowing drain.
  3046 | Sewer    | Entered a sewer
  3138 | Sewer    | Reached skill level 6 in Maces & Flails
  3270 | Sewer    | Reached skill level 5 in Fighting
  3772 | D:6      | Reached skill level 7 in Maces & Flails
  3772 | D:6      | Reached XP level 8. HP: 65/73 MP: 8/8
  3960 | D:6      | Found an ornate altar of the Wu Jian Council.
  4229 | D:5      | Entered Level 5 of the Dungeon
  4350 | D:5      | Noticed Grinder
  4377 | D:5      | Reached skill level 8 in Maces & Flails
  4414 | D:5      | Killed Grinder
  4917 | D:5      | Found Bexiar's Antique Weapon Boutique.
  5500 | D:5      | Found a burning altar of Makhleb.
  5504 | D:5      | Found a shimmering altar of Xom.
  5510 | D:5      | Reached XP level 9. HP: 83/83 MP: 9/9
  5514 | D:5      | Found a white marble altar of Elyvilon.
  5661 | D:4      | Reached skill level 9 in Maces & Flails
  5964 | D:4      | Found an iron altar of Okawaru.
  6166 | D:4      | Upgraded the game from 0.31-a0-358-gac0dbeb3ab to
                  | 0.31-a0-361-g0f8bd3a31e
  6407 | D:7      | Noticed Pikel
  6458 | D:7      | Killed Pikel
  6459 | D:7      | Reached skill level 10 in Maces & Flails
  7108 | D:7      | Found a staircase to the Ecumenical Temple.
  7118 | Temple   | Found a transporter.
  7118 | Temple   | Found a transporter.
  7118 | Temple   | Found a transporter.
  7118 | Temple   | Found a transporter.
  7118 | Temple   | Entered the Ecumenical Temple
  7141 | Temple   | Became a worshipper of Ru the Awakened
  7857 | D:8      | Noticed Maggie
  7877 | D:8      | Killed Maggie
  7878 | D:8      | Reached skill level 11 in Maces & Flails
  7878 | D:8      | Reached XP level 10. HP: 36/94 MP: 10/10
  8142 | D:8      | Noticed Grum
  8170 | D:8      | Killed Grum
  8424 | D:8      | Found a glowing golden altar of the Shining One.
  8553 | D:8      | Noticed Psyche
  8834 | D:7      | Mangled by a wight

Illustrated notes

Levels and vault maps discovered:
D:1:      lemuel_arrival_cross, layout_loops_ring,
          shapermc_ecumenical_altar_mp_urbaneastern
D:2:      layout_basic, minmay_octomino_j4
D:3:      layout_basic
D:4:      layout_loops_ring, chequers_temple_overflow_statue_of_worship,
          okawaru_altar_gauntlet_db, serial_shops,
          nicolae_shop_advertising_works [nicolae_subvault_shop_adworks]
D:5:      layout_basic, minitemple, serial_shops, shop,
          kennysheep_pointless_box, nicolae_letterblocks
          [nicolae_letter_subblock, nicolae_letter_subblock,
          nicolae_letter_subblock, nicolae_letter_subblock,
          nicolae_letter_subblock, nicolae_letter_subblock,
          nicolae_letter_subblock, nicolae_letter_subblock,
          nicolae_letter_subblock, nicolae_letter_subblock,
          nicolae_letter_subblock, nicolae_letter_subblock,
          nicolae_letter_subblock, nicolae_letter_subblock,
          nicolae_letter_subblock, nicolae_letter_subblock,
          nicolae_letter_subblock, nicolae_letter_subblock,
          nicolae_letter_subblock, nicolae_letter_subblock,
          nicolae_letter_subblock, nicolae_letter_subblock,
          nicolae_letter_subblock, nicolae_letter_subblock,
          nicolae_letter_subblock], uniq_grinder
D:6:      layout_basic, nicolae_wu_jian_immortal_techniques,
          gup_sewer_entry_bubbles, minmay_fractal_squares_gapless_5
D:7:      layout_basic, minmay_temple_entry_hall, minmay_holes,
          dreamdust_princess_corridor, uniq_pikel
D:8:      layout_basic, mainiacjoe_overflow_brackets,
          nicolae_elevator_lobby_asterisk, uniq_maggie, uniq_grum, uniq_psyche
Temple:   hellmonk_temple_divided_pantheon

Skill      XL: |  1  2  3  4  5  6  7  8  9 |
---------------+----------------------------+-----
Maces & Flails | 2 3 4 5 7 8 11 | 11.5
Fighting       | 3 4 5 6 8 |  8.7
Armour         | |  3.7
Shields        | |  3.3

Action                     |  1- 3 |  4- 6 |  7- 9 | 10-12 || total
---------------------------+-------+-------+-------+-------++-------
  Melee: Flail             |    94 |   106 |   376 |       ||   576
         Tailslap          |     9 |    14 |    57 |    10 ||    90
         Dire flail        |       |       |   105 |   102 ||   207
  Throw: Dart              |       |       |     8 |       ||     8
         Throwing net      |       |       |     1 |       ||     1
  Evoke: Wand              |       |       |       |     5 ||     5
    Use: Potion            |       |     2 |       |       ||     2
 Armour: Scale mail        |    27 |       |       |       ||    27
         Chain mail        |     2 |       |       |       ||     2
         Plate armour      |    50 |    86 |   415 |    70 ||   621
  Dodge: Dodged            |    18 |     7 |    50 |    11 ||    86
  Block: Buckler           |    19 |    14 |    70 |       ||   103

Table legend: (Time is in decaauts)
 A = Elapsed time spent in this place.
 B = Non-inter-level travel time spent in this place.
 C = Inter-level travel time spent in this place.
 D = Time resting spent in this place.
 E = Time spent auto-exploring this place.
 F = Levels seen in this place.
 G = Mean time per level.
                   A        B        C        D        E       F      G
               +--------+--------+--------+--------+--------+-----+--------+
         Total |   8870 |   8590 |    280 |    300 |   6376 |  10 |  887.0 |
       Dungeon |   8309 |   8029 |    280 |    300 |   6093 |   8 | 1038.6 |
        Temple |     43 |     43 |      0 |      0 |      0 |   1 |   43.0 |
         Sewer |    517 |    517 |      0 |      0 |    283 |   1 |  517.0 |
               +--------+--------+--------+--------+--------+-----+--------+

Top non-repeatable levels by time:
     D:7: 1758 daAuts
     D:5: 1393 daAuts
     D:6: 1185 daAuts
     D:8: 953 daAuts
     D:4: 930 daAuts
     D:1: 760 daAuts
     D:2: 725 daAuts
     D:3: 602 daAuts
   Sewer: 517 daAuts
  Temple: 43 daAuts
